Map: Darkness Sanctuary LE

Players

Teja

  • Race: Terran Terran
  • League: Gold
  • Spawn Location: 5:00

Kallestål - Winner!

  • Race: Protoss Protoss
  • Spawn Location: 11:00

VOD

Have the link to the VOD?

Description

proxy void immortal tempest contain

Time

  • Played on: June 22, 2018, 6:12 p.m.
  • Length: 17:12
Show
View Real Time Build Order
Export as new Build Order

Teja Terran 

Build Orders: Reaper Expand, Bio Tank 

Get SALT Encoding   

  12  0:01  SCV  
  13  0:13  SCV  
  14  0:21  Supply Depot  
  14  0:25  Refinery  
  14  0:28  SCV  
  15  0:45  Barracks  
  15  0:46  SCV  
  16  1:00  Supply Depot  
  16  1:05  SCV  
  17  1:17  SCV  
  19  1:33  Reaper  
  19  1:35  Orbital Command  
  19  1:59  Command Center  
  19  2:03  SCV  
  20  2:15  SCV  
  21  2:18  Factory  
  21  2:27  SCV, Refinery  
  22  2:38  Barracks Tech Lab  
  22  2:39  SCV  
  22  2:43  Barracks  
  23  2:51  SCV  
  24  2:59  Marine  
  24  3:03  Factory Tech Lab, SCV  
  25  3:06  Starport  
  25  3:15  SCV  
  25  3:16  Marine  
  27  3:27  SCV  
  27  3:33  Barracks Reactor  
  28  3:34  Marine  
  28  3:39  SCV  
  28  3:40  Siege Tank  
  28  3:41  Orbital Command  
  33  3:47  Bunker  
  33  3:52  Marine, SCV  
  35  3:58  Starport Reactor, Supply Depot  
  35  4:04  SCV  
  35  4:08  SCV  
  37  4:16  SCV  
  37  4:20  SCV  
  36  4:25  Marine x2, Marauder  
  40  4:33  Engineering Bay  
  40  4:36  Viking x2  
  43  4:42  Marine  
  43  4:43  Marine  
  45  4:46  Marine  
  45  4:50  Supply Depot  
  45  4:51  Engineering Bay  
  44  5:00  Marine  
  44  5:07  Marine x2  
  42  5:18  Marine  
  42  5:24  Marine  
  42  5:25  Marine  
  44  5:31  SCV  
  44  5:32  SCV  
  46  5:36  Marine  
  46  5:42  Missile Turret, Marine  
  47  5:43  SCV  
  47  5:44  SCV  
  47  5:45  Marauder  
  47  5:48  Medivac  
  54  5:54  Marine  
  54  5:56  Barracks, SCV x2  
  57  6:00  Marine  
  58  6:08  SCV x2  
  60  6:19  Missile Turret  
  60  6:23  Marauder  
  62  6:25  Supply Depot  
  62  6:29  Terran Infantry Weapons Level 1  
  62  6:30  Marine x2, Siege Tank  
  67  6:33  Stimpack  
  67  6:35  SCV x2  
  69  6:46  Barracks Reactor  
  69  6:47  SCV  
  69  6:49  Supply Depot  
  69  6:51  Medivac  
  72  6:56  Refinery  
  72  6:59  SCV x2, Refinery  
  74  7:05  Marine x2, Marauder  
  78  7:11  SCV  
  79  7:23  Marine x2  
  79  7:27  Marauder  
  72  7:40  Marine  
  72  7:41  Marine  
  60  7:47  Marine  
  60  7:49  Liberator  
  58  7:54  Siege Tank  
  58  7:58  Marine  
  58  8:00  SCV  
  58  8:01  SCV  
  61  8:10  Marine x2  
  66  8:13  SCV  
  66  8:17  Supply Depot  
  67  8:23  Factory, Marine  
  67  8:25  Marine x2  
  67  8:26  Siege Tank  
  73  8:28  Marine x2  
  75  8:34  Combat Shields  
  75  8:40  Supply Depot  
  75  8:41  Marine  
  76  8:58  Siege Tank  
  77  9:25  Marine x3, Marauder  
  77  9:30  Siege Tank  
  85  9:33  Marine  
  86  9:43  Marine x3  
  89  9:46  Marine  
  84  10:02  Siege Tank  
  75  10:07  Missile Turret  
  75  10:13  Viking x2  
  76  10:15  SCV  
  76  10:16  SCV  
  78  10:23  Factory Reactor  
  78  10:25  Command Center  
  78  10:27  Missile Turret, SCV  
  79  10:34  Siege Tank  
  82  10:35  Marine x2  
  82  10:36  Marine x3  
  87  10:43  Viking x2  
  91  10:53  Marine x3  
  91  10:54  Marine  
  87  11:05  Marine  
  87  11:07  Siege Tank  
  87  11:11  Marine x3  
  90  11:13  Viking x2  
  82  11:43  Viking x2  
  77  11:50  Marine x5  
  82  12:01  Command Center  
  82  12:07  Marine  
  82  12:08  Marine x4  
  80  12:13  Viking x2  
  80  12:14  Cyclone  
  81  12:25  Marine x2  
  81  12:26  Marine x3  
  84  12:43  Viking x2, Marine x3  
  87  12:44  Marine x2, Cyclone x2  
  87  12:46  Cyclone  
  96  13:02  Marine  
  88  13:13  Viking x2  
  85  13:42  Viking  
  85  13:43  Viking  
  73  14:12  Viking  
  73  14:13  Viking  
  70  14:20  Planetary Fortress  
  65  14:35  Marine  
  65  14:36  Marine x4  
  65  14:39  SCV  
  65  14:42  Viking  
  65  14:43  Viking  
  70  14:53  Marine x5  
  69  15:09  SCV x2  
  69  15:11  Marine x4  
  69  15:12  Viking  
  69  15:13  Viking  
  79  15:21  SCV  
  79  15:22  SCV  
  80  15:33  SCV  
  77  15:38  Missile Turret  
  77  15:42  Viking x2  
  76  15:52  Marine x2  
  77  15:59  Missile Turret  
  77  16:12  Viking x2  
  78  16:18  Missile Turret  
Show
View Real Time Build Order
Export as new Build Order

Kallestål Protoss - Winner!

Build Orders:  

Get SALT Encoding   

  12  0:00  Probe  
  13  0:13  Probe  
  14  0:25  Probe  
  15  0:29  Pylon  
  15  0:47  Probe  
  16  0:59  Probe  
  16  1:01  Gateway  
  17  1:05  Assimilator  
  17  1:07  Assimilator  
  17  1:11  Probe  
  17  1:14  Forge  
  18  1:21  Pylon  
  18  1:25  Probe  
  19  1:34  Probe  
  20  1:42  Probe  
  21  1:50  Cybernetics Core  
  21  1:51  Probe  
  22  2:03  Photon Cannon  
  22  2:06  Probe  
  23  2:18  Photon Cannon  
  23  2:32  Robotics Facility  
  23  2:41  Stargate  
  23  2:48  Probe  
  24  3:00  Probe  
  25  3:09  Immortal  
  25  3:13  Probe  
  25  3:17  Pylon  
  30  3:31  Probe  
  30  3:32  Void Ray  
  31  3:36  Pylon  
  35  3:43  Probe  
  36  4:01  Immortal  
  40  4:07  Void Ray  
  43  4:30  Immortal  
  47  5:07  Void Ray  
  47  5:37  Pylon  
  47  5:38  Nexus  
  47  5:48  Immortal  
  47  5:55  Void Ray  
  55  6:29  Nexus  
  55  6:34  Pylon  
  55  6:43  Pylon  
  55  6:50  Void Ray  
  59  7:05  Probe  
  59  7:07  Shield Battery  
  59  7:08  Shield Battery  
  59  7:09  Probe  
  59  7:13  Probe  
  61  7:17  Pylon  
  61  7:18  Pylon  
  61  7:21  Probe  
  63  7:33  Phoenix  
  53  8:08  Shield Battery, Immortal  
  53  8:09  Probe x3, Void Ray  
  53  8:10  Shield Battery  
  56  8:19  Robotics Bay, Probe  
  64  8:20  Probe  
  64  8:21  Probe  
  64  8:24  Photon Cannon  
  67  8:27  Photon Cannon, Probe  
  67  8:28  Probe  
  67  8:33  Probe  
  70  8:38  Assimilator  
  70  8:39  Assimilator  
  70  8:42  Photon Cannon  
  70  8:52  Fleet Beacon  
  70  9:02  Void Ray  
  74  9:04  Probe x3  
  78  9:24  Observer  
  78  9:26  Probe  
  78  9:27  Probe x2  
  81  9:32  Assimilator  
  81  9:41  Tempest  
  81  10:05  Disruptor  
  69  10:18  Tempest  
  72  10:23  Pylon  
  72  10:25  Pylon, Assimilator, Probe x3  
  81  10:41  Colossus  
  87  11:04  Nexus  
  87  11:24  Colossus  
  87  11:36  Tempest  
  90  11:50  Pylon  
  90  11:53  Stargate x2  
  89  11:55  Stargate  
  89  11:59  Probe x3  
  92  12:16  Shield Battery  
  92  12:18  Shield Battery  
  89  12:30  Probe x2  
  90  12:44  Tempest  
  90  12:47  Tempest x3  
  90  12:51  Colossus  
  109  13:22  Void Ray  
  109  13:24  Probe x3  
  102  13:27  Void Ray  
  106  13:36  Probe x3  
  109  13:42  Assimilator  
  109  13:44  Colossus  
  109  13:47  Assimilator  
  109  13:48  Probe  
  110  13:51  Pylon  
  110  13:53  Pylon  
  110  13:55  Pylon  
  98  13:57  Carrier  
  98  13:58  Carrier  
  103  14:10  Carrier  
  109  14:34  Oracle  
  109  14:35  Probe x2  
  109  14:36  Probe  
  115  14:41  Photon Cannon  
  115  14:42  Photon Cannon, Probe  
  115  14:44  Photon Cannon  
  116  14:47  Probe  
  116  14:48  Pylon, Probe  
  118  14:58  Colossus  
  118  15:01  Carrier  
  130  15:16  Probe x4  
  130  15:17  Pylon  
  130  15:19  Carrier, Pylon  
  134  15:21  Photon Cannon  
  140  15:45  Photon Cannon  
  140  15:46  Photon Cannon  
  140  15:50  Pylon  
  129  16:21  Warp Prism  
  124  16:59  Pylon  
  124  17:00  Pylon  
  124  17:02  Pylon  
  124  17:06  Nexus  
  124  17:08  Pylon  
  124  17:11  Pylon  
Tags
 
Composition
Bio Tank
League
Gold
Matchup
PvT
Spawn Locations
Cross Positions
Add a new tag
Caveats
  • Supply blocks, unpowered buildings, or Contaminate may cause inaccurate times.
  • Supply counts are checked every 10 seconds.